[Event "Team 45 45 League T48"]
[Site "Internet Chess Club"]
[Date "2011.03.06"]
[Round "4"]
[White "zap2"]
[Black "Guoruey"]
[Result "0-1"]
[WhiteElo "1815"]
[BlackElo "1939"]
[Opening "Réti: King's Indian attack"]
[ECO "A05"]
[Time "10:20:59"]
[TimeControl "2700+45"]

1. Nf3 Nf6 2. g3 g6 3. Bg2 Bg7 4. d3 d5 5. Nbd2 Bf5 6. O-O O-O 7. Nh4 Bg4 8. h3
Bc8 9. e4 e6 10. f4 c5 11. Qe2 Nc6 12. c3 Rb8 13. Ndf3 Qc7 14. g4 b5 15. Nh2 b4
16. Qf3 Ba6 17. Rd1 bxc3 18. bxc3 c4 19. e5 Nd7 20. d4 Qa5 21. f5 Rb3 22. axb3
Qxa1 23. Bd2 Qb2 24. bxc4 Bxc4 25. Bf1 Nb6 26. f6 Bh8 27. Qf2 a5 28. Be1 Qxf2+
29. Kxf2 a4 30. Ra1 Ra8 31. N4f3 a3 32. Bxc4 Nxc4 33. Ra2 Ra4 34. Nf1 N6a5 35.
N3d2 Nb2 36. Ke2 h6 37. Ne3 Kh7 38. h4 Kg8 39. Nc2 Nbc4 40. Nxc4 Nxc4 41. Bd2 h5
42. g5 Kf8 43. Bc1 Ke8 44. Nb4 Kd7 45. Kd3 Kc7 46. Kc2 Kb6 47. Kb3 Kb5 48. Nc2
Na5# {White checkmated} 0-1

[Event "Team 45 45 League T48"]
[Site "Internet Chess Club"]
[Date "2011.03.04"]
[Round "4"]
[White "cacheboy"]
[Black "Chatica"]
[Result "1/2-1/2"]
[WhiteElo "2273"]
[BlackElo "2090"]
[Opening "Alekhine's defense: exchange variation"]
[ECO "B02"]
[Time "22:04:09"]
[TimeControl "2700+45"]

1. e4 Nf6 2. e5 Nd5 3. c4 Nb6 4. d4 d6 5. exd6 exd6 6. a4 a5 7. Bd3 Nc6 8. Nf3
Bg4 9. O-O Nxd4 10. Qe1+ Ne6 11. Qe4 Bh5 12. Qxb7 Nc5 13. Qc6+ Qd7 14. Be4 Nxe4
15. Qxe4+ Be7 16. Re1 Bxf3 17. Qxf3 O-O 18. b3 d5 19. cxd5 Nxd5 20. Bb2 Bf6 21.
Bxf6 Nxf6 22. Na3 c6 23. Nc4 Nd5 24. Rad1 Rfe8 25. Qg3 f6 26. h3 Re6 27. Rxe6
Qxe6 28. Rc1 h6 29. Qd6 Kf7 30. Qc5 Nf4 31. Rd1 Kg6 32. Nxa5 Qe2 33. Rf1 Re8 34.
Qc3 Kh7 35. Qc1 Qe5 36. Qc2+ Kh8 37. Qxc6 Re6 38. Qc4 Qg5 39. g3 Nxh3+ 40. Kh2
Qf5 41. g4 Qf3 42. Qc8+ Kh7 43. Qxe6 Nf4 44. Qf5+ Kg8 45. Qc8+ Kh7 46. Qf5+ Kg8
47. Qc8+ Kh7 48. Qf5+ Kg8 49. Qc8+ Kh7 50. Qf5+ Kg8 51. Qc8+ Kh7 52. Qf5+ Kg8
53. Qc8+ Kh7 54. Qf5+ Kg8 {Game drawn by repetition} 1/2-1/2

[Event "Team 45 45 League T48"]
[Site "Internet Chess Club"]
[Date "2011.03.05"]
[Round "4"]
[White "Gregorio"]
[Black "Mat55"]
[Result "1/2-1/2"]
[WhiteElo "2012"]
[BlackElo "1935"]
[Opening "English opening"]
[ECO "A13"]
[Time "20:15:18"]
[TimeControl "2700+45"]

1. c4 e6 2. g3 c5 3. Bg2 Nf6 4. Nf3 Nc6 5. Nc3 Be7 6. O-O O-O 7. b3 d5 8. cxd5
Nxd5 9. Bb2 Bf6 10. Rc1 Ncb4 11. a3 Na6 12. Qc2 b6 13. Ne4 Bxb2 14. Neg5 f5 15.
Qxb2 h6 16. Nh3 Nac7 17. Ne5 g5 18. f4 g4 19. Nf2 Ba6 20. Rfe1 Rc8 21. e4 Ne7
22. b4 cxb4 23. exf5 Nxf5 24. Nc6 Qd6 25. Nxb4 Nd4 26. Nxg4 Ne2+ 27. Rxe2 Bxe2
28. Nf6+ Rxf6 29. Qxf6 Qxd2 30. Qg6+ Kf8 31. Qxh6+ Kf7 32. Qh7+ Kf6 33. Qc2 Qxc2
34. Rxc2 a5 35. Rxe2 axb4 36. axb4 Rd8 37. Rc2 Na6 38. Rc6 Nxb4 39. Rxb6 Rd1+
40. Bf1 Nd5 41. Rb3 e5 42. Rd3 Rxd3 43. fxe5+ Kxe5 44. Bxd3 Nf6 45. h3 Nh5 46.
Kf2 Nxg3 47. Kxg3 Kf6 {Game drawn by mutual agreement} 1/2-1/2

[Event "Team 45 45 League T48"]
[Site "Internet Chess Club"]
[Date "2011.03.06"]
[Round "4"]
[White "alexping"]
[Black "DARKwizard1"]
[Result "0-1"]
[WhiteElo "1941"]
[BlackElo "1947"]
[Opening "Queen's pawn: Lundin (Kevitz-Mikenas) defense"]
[ECO "A40"]
[Time "12:34:01"]
[TimeControl "2700+45"]

1. d4 Nc6 2. d5 Ne5 3. e4 d6 4. Nc3 e6 5. f4 Ng6 6. Bb5+ Bd7 7. dxe6 fxe6 8. Nf3
Nf6 9. Bd3 Be7 10. e5 dxe5 11. Bxg6+ hxg6 12. fxe5 Ng4 13. Qd4 Nh6 14. Qd3 Nf5
15. g4 Bc6 16. Qxd8+ Rxd8 17. Rf1 Bxf3 18. Rxf3 Nd4 {White resigns} 0-1

[Event "Team 45 45 League T48"]
[Site "Internet Chess Club"]
[Date "2011.03.05"]
[Round "4"]
[White "kabindra"]
[Black "Troparion"]
[Result "1-0"]
[WhiteElo "1754"]
[BlackElo "1766"]
[Opening "Caro-Kann: advance variation"]
[ECO "B12"]
[Time "14:00:29"]
[TimeControl "2700+45"]

1. e4 c6 2. d4 d5 3. e5 g6 4. Nf3 h5 5. h3 Nh6 6. Bg5 Qb6 7. Qc1 Bf5 8. c3 e6 9.
Bf6 Rg8 10. Bg5 Rh8 11. Nbd2 Nd7 12. Nb3 c5 13. Be2 Rc8 14. dxc5 Nxc5 15. Nxc5
Qxc5 16. O-O Be4 17. Nd4 a6 18. f3 Bf5 19. Be3 Qc7 20. Bf4 g5 21. Bg3 g4 22.
fxg4 hxg4 23. Nxf5 Nxf5 24. Rxf5 exf5 25. hxg4 Bc5+ 26. Bf2 Bxf2+ 27. Kxf2 Qxe5
28. Qg5 f6 29. Qg6+ Kd7 30. Qf7+ Kc6 31. Rd1 Rcd8 32. Bf3 fxg4 33. Bxg4 Rhe8 34.
Bf3 Rf8 35. Qh7 Rd7 36. Qd3 Rfd8 37. c4 Qxb2+ 38. Rd2 Qb6+ 39. Kf1 Rh8 40. Bxd5+
Kc7 41. Qg3+ Kd8 42. Qb8+ Ke7 43. Qxh8 Qb1+ 44. Ke2 Rxd5 45. Qg7+ Ke8 46. Qg8+
{Black resigns} 1-0

[Event "Team 45 45 League T48"]
[Site "Internet Chess Club"]
[Date "2011.03.04"]
[Round "4"]
[White "taldeital"]
[Black "BaumDeezy"]
[Result "1-0"]
[WhiteElo "1582"]
[BlackElo "1524"]
[Opening "King's Indian: East Indian defense"]
[ECO "A48"]
[Time "17:31:27"]
[TimeControl "2700+45"]

1. d4 Nf6 2. Nf3 g6 3. c3 Bg7 4. h3 O-O 5. Bf4 d6 6. e3 Nfd7 7. Bd3 e5 8. dxe5
dxe5 9. Bg3 Nc5 10. Be2 Qxd1+ 11. Kxd1 Rd8+ 12. Kc1 Nc6 13. Nbd2 Bf5 14. Nb3
Nd3+ 15. Bxd3 Rxd3 16. Nh4 Bd7 17. Kc2 Rd6 18. Nc5 b6 19. Nxd7 Rxd7 20. Rad1
Rad8 21. Rxd7 Rxd7 22. e4 f6 23. Rd1 Rxd1 24. Kxd1 Kf7 25. Nf3 Ke6 26. Kc2 Na5
27. Nd2 c5 28. b3 Bh6 29. f3 a6 30. Bf2 Kd6 31. Nf1 b5 32. Be3 Bf8 33. Bd2 c4
34. Bc1 cxb3+ 35. axb3 Kc6 36. g4 g5 37. Ne3 Kd7 38. Nd5 Be7 39. Bd2 Nb7 40. Be3
Nd8 41. Kd3 Ne6 42. c4 Nc7 43. Bb6 Nxd5 44. exd5 bxc4+ 45. bxc4 Bb4 46. c5 a5
47. Kc4 Bd2 48. c6+ Kc8 49. d6 {Black resigns} 1-0

[Event "Team 45 45 League T48"]
[Site "Internet Chess Club"]
[Date "2011.03.04"]
[Round "4"]
[White "JohLeb"]
[Black "TheEvilOverlord"]
[Result "0-1"]
[WhiteElo "1395"]
[BlackElo "1239"]
[Opening "King's Indian: 4.e4"]
[ECO "E70"]
[Time "15:00:27"]
[TimeControl "2700+45"]

1. d4 Nf6 2. c4 g6 3. Nc3 Bg7 4. e4 d6 5. Bd3 O-O 6. Nge2 c5 7. d5 e6 8. O-O
exd5 9. exd5 Ng4 10. Bf4 Ne5 11. Rb1 Nbd7 12. Ne4 Qc7 13. N2c3 a6 14. Qd2 Nxd3
15. Qxd3 Ne5 16. Bxe5 Bxe5 17. Ne2 Re8 18. f4 Bg7 19. Kh1 b5 20. b3 Rxe4 21.
Qxe4 Bf5 22. Qe3 Bxb1 23. Rxb1 Qd7 24. Qf3 Rb8 25. Nc3 bxc4 26. bxc4 Rxb1+ 27.
Nxb1 Qe8 28. Qf2 Bd4 29. Qd2 Qe4 30. Na3 Bb2 31. Nc2 Qxc4 32. Ne3 Qxf4 33. g3
Qf3+ 34. Qg2 Qxe3 35. Qxb2 c4 36. Qb8+ Kg7 37. Qxd6 c3 38. Qa3 Qe1+ 39. Kg2 Qd2+
40. Kh3 c2 41. Qb2+ Kh6 42. d6 c1=Q 43. Qf6 Qh1 44. Qe5 Qdxh2+ 45. Kg4 f5+ 46.
Kf4 Qf2# {White checkmated} 0-1

[Event "Team 45 45 League T48"]
[Site "Internet Chess Club"]
[Date "2011.03.05"]
[Round "4"]
[White "dabodhi"]
[Black "witchfynder"]
[Result "0-1"]
[WhiteElo "1212"]
[BlackElo "1372"]
[Opening "Queen's pawn game"]
[ECO "A45"]
[Time "16:04:22"]
[TimeControl "2700+45"]

1. d4 Nf6 2. e3 e6 3. Bd3 Be7 4. Nf3 b6 5. Nbd2 Bb7 6. e4 d6 7. c3 Ba6 8. Qe2
Bxd3 9. Qxd3 c5 10. e5 dxe5 11. Nxe5 O-O 12. Qf3 Qd5 13. Qxd5 Nxd5 14. Ndf3 cxd4
15. Nxd4 Bf6 16. Nec6 Bxd4 17. Nxd4 Nd7 18. O-O Rac8 19. Bd2 Ne5 20. Nb5 Nc4 21.
Be3 Ndxe3 22. fxe3 a6 23. Nd4 Nxe3 24. Rf3 Nd5 25. Rd1 Rfd8 26. Rdf1 Rd7 27. Ne2
Nf6 28. h3 Ne4 29. Rf4 f5 30. Nd4 Ng3 31. R1f3 Ne4 32. Nxe6 Rd1+ 33. Kh2 g6 34.
g4 Rd2+ 35. Kg1 Rxb2 36. gxf5 Rxc3 37. Rxc3 Nxc3 38. fxg6 Ne2+ 39. Kf1 Nxf4 40.
Nxf4 hxg6 41. Nxg6 Rxa2 42. h4 Kg7 43. Nf4 b5 44. Nd3 Kh6 45. Nb4 Ra4 46. Nxa6
Rxa6 47. Kg2 Rb6 48. Kg3 Kh5 49. Kh3 b4 {White resigns} 0-1

[Event "Team 45 45 League T48"]
[Site "Internet Chess Club"]
[Date "2011.03.08"]
[Round "4"]
[White "Aquaman"]
[Black "GiulioCre"]
[Result "1-0"]
[WhiteElo "1338"]
[BlackElo "1278"]
[Opening "Réti opening"]
[ECO "A05"]
[Time "15:30:12"]
[TimeControl "2700+45"]

1. Nf3 Nf6 2. g3 d5 3. Bg2 g6 4. O-O Bg7 5. d3 O-O 6. Nbd2 c5 7. c3 Nc6 8. Re1
Bf5 9. Nh4 Qd7 10. Nxf5 Qxf5 11. h3 Rfe8 12. e4 dxe4 13. dxe4 Qe6 14. Qc2 Red8
15. Nf3 Rd7 16. Ng5 Qc4 17. Bf1 Nd4 18. Qb1 Nf3+ 19. Nxf3 Qe6 20. Ng5 Qc6 21. a4
Rad8 22. Bb5 Qc8 23. Bxd7 Rxd7 24. Bf4 Qc6 25. Qc2 h6 26. Nf3 Qe6 27. Kg2 Nh5
28. Bd2 g5 29. Rad1 g4 30. hxg4 Qxg4 31. Be3 Rc7 32. Rd8+ Bf8 33. Bxh6 {Black
resigns} 1-0

[Event "Team 45 45 League T48"]
[Site "Internet Chess Club"]
[Date "2011.03.07"]
[Round "4"]
[White "dscvdchk"]
[Black "BrerRabbit"]
[Result "1/2-1/2"]
[WhiteElo "1462"]
[BlackElo "1533"]
[Opening "King's Indian: orthodox variation"]
[ECO "E94"]
[Time "10:45:49"]
[TimeControl "2700+45"]

1. d4 Nf6 2. c4 g6 3. Nc3 Bg7 4. Nf3 O-O 5. e4 d6 6. Be2 e5 7. O-O Na6 8. Be3
Ng4 9. Bg5 Qe8 10. dxe5 dxe5 11. h3 f6 12. Bd2 Nh6 13. c5 c6 14. Be3 Be6 15. a3
Qe7 16. b4 Nc7 17. Qc1 Nf7 18. Qc2 Rfd8 19. Rfd1 Bh6 20. Qc1 Bg7 21. Qc2 Bh6 22.
Bxh6 Nxh6 23. Qc1 Nf7 24. Qe3 Rxd1+ 25. Rxd1 Rd8 26. Rxd8+ Qxd8 27. Nd1 Nb5 28.
Nb2 Nc7 29. Nc4 Kg7 30. Na5 Qc8 31. Kh2 Na8 32. Nc4 Nc7 33. Na5 Na8 34. Nc4 Nc7
{Game drawn by mutual agreement} 1/2-1/2

[Event "Team 45 45 League T48"]
[Site "Internet Chess Club"]
[Date "2011.03.05"]
[Round "4"]
[White "Bible-Believer"]
[Black "Lyko"]
[Result "1-0"]
[WhiteElo "1512"]
[BlackElo "1384"]
[Opening "Queen's pawn game"]
[ECO "A46"]
[Time "14:00:35"]
[TimeControl "2700+45"]

1. d4 Nf6 2. Nf3 e6 3. Bf4 b6 4. e3 Bb7 5. Nbd2 Be7 6. Bd3 d6 7. c3 Nbd7 8. h3
e5 9. dxe5 dxe5 10. Nxe5 Nxe5 11. Bxe5 Qxd3 12. Qa4+ Qd7 13. Qc4 O-O 14. O-O-O
Bd5 15. Qf4 Bxa2 16. Ne4 Qa4 17. Nxf6+ {Black resigns} 1-0

[Event "Team 45 45 League T48"]
[Site "Internet Chess Club"]
[Date "2011.03.06"]
[Round "4"]
[White "matthewc"]
[Black "chesskix"]
[Result "1-0"]
[WhiteElo "1434"]
[BlackElo "1438"]
[Opening "Philidor's defense"]
[ECO "C41"]
[Time "20:04:26"]
[TimeControl "2700+45"]

1. e4 e5 2. Nf3 d6 3. Bc4 Nd7 4. O-O Nb6 5. Bb3 Be7 6. d4 Bf6 7. dxe5 dxe5 8.
Qxd8+ Kxd8 9. Bxf7 Ke7 10. Bb3 h6 11. Nc3 c6 12. Be3 Be6 13. Na4 Nxa4 14. Bxa4
b5 15. Bb3 Bxb3 16. axb3 a6 17. Ra2 Ke6 18. Rfa1 Ne7 19. Rxa6 Rxa6 20. Rxa6 Rd8
21. h3 Rd1+ 22. Kh2 Rb1 23. Bc5 Rxb2 24. Bxe7 Kxe7 25. Rxc6 Kd7 26. Rc5 b4 27.
Kg3 Kd6 28. Rd5+ Kc6 29. Rd2 Ra2 30. h4 Ra3 31. Rd5 Ra2 32. Ne1 Ra1 33. Nd3 Rh1
34. Nxe5+ Bxe5+ 35. Rxe5 Rc1 36. Re6+ Kc5 37. Rg6 Rxc2 38. Rxg7 Rc3+ 39. f3 Rxb3
40. Rb7 Ra3 41. Kg4 b3 42. f4 Kc4 43. e5 Kc3 44. e6 b2 45. e7 Ra8 46. f5 Kc2 47.
f6 Ra4+ 48. Kh5 Re4 49. g3 Re3 50. g4 b1=Q 51. Rxb1 Kxb1 52. Kxh6 Kc2 53. g5 Kd3
54. g6 Re4 55. h5 Re6 56. Kg7 Kd4 57. Kf7 Kd5 58. e8=Q Rxe8 59. Kxe8 Ke6 60. f7
Kf5 61. f8=Q+ Kg5 62. g7 {Black resigns} 1-0

[Event "Team 45 45 League T48"]
[Site "Internet Chess Club"]
[Date "2011.03.07"]
[Round "4"]
[White "DarkFlow"]
[Black "zepled37"]
[Result "1-0"]
[WhiteElo "1972"]
[BlackElo "1657"]
[Opening "Sicilian: Scheveningen, Keres attack"]
[ECO "B81"]
[Time "06:06:11"]
[TimeControl "2700+45"]

1. e4 c5 2. Nf3 e6 3. d4 cxd4 4. Nxd4 Nf6 5. Nc3 d6 6. g4 h6 7. h4 Nc6 8. Rg1 h5
9. gxh5 Nxh5 10. Bg5 Nf6 11. Be2 Be7 12. Qd2 a6 13. O-O-O Qc7 14. h5 Bd7 15. h6
gxh6 16. Bxf6 Bxf6 17. Nf5 exf5 18. Nd5 Qd8 19. Qxh6 Be6 20. Nxf6+ Ke7 21. Qg5
fxe4 22. Nxe4+ Kf8 23. Qg7+ Ke7 24. Qf6+ Kd7 25. Rxd6+ Kc7 26. Rxd8 Raxd8 27.
Ng5 Nd4 28. Nxe6+ fxe6 29. Rg7+ Kc8 30. Bd3 Ne2+ 31. Kd2 Nd4 32. Qf7 {Black
resigns} 1-0

[Event "Team 45 45 League T48"]
[Site "Internet Chess Club"]
[Date "2011.03.03"]
[Round "4"]
[White "bmw2002"]
[Black "Grenadier"]
[Result "0-1"]
[WhiteElo "1543"]
[BlackElo "1786"]
[Opening "English, 1...Nf6 (Anglo-Indian defense)"]
[ECO "A15"]
[Time "21:15:03"]
[TimeControl "2700+45"]

1. c4 Nf6 2. g3 g6 3. Bg2 Bg7 4. Nc3 O-O 5. Nf3 d6 6. O-O Nc6 7. d3 e5 8. e4 Bg4
9. h3 Be6 10. Be3 Qd7 11. Ng5 a6 12. a3 Ne8 13. b4 f5 14. Nxe6 Qxe6 15. exf5
Qxf5 16. Rc1 Nf6 17. g4 Qd7 18. c5 d5 19. Bg5 Ne7 20. Qb3 c6 21. Rcd1 Kh8 22. f4
exf4 23. Rxf4 h6 24. Bxf6 Rxf6 25. Rdf1 Raf8 26. Ne2 Qe6 27. Qc2 Qe3+ 28. Kh1
Rxf4 29. Re1 Rf2 30. Qd1 Rxg2 31. Kxg2 Qf3+ 32. Kh2 Be5+ {White resigns} 0-1

[Event "Team 45 45 League T48"]
[Site "Internet Chess Club"]
[Date "2011.03.06"]
[Round "4"]
[White "GoIrish"]
[Black "BrerRabbit"]
[Result "1/2-1/2"]
[WhiteElo "1536"]
[BlackElo "1537"]
[Opening "Réti: King's Indian attack"]
[ECO "A05"]
[Time "20:01:52"]
[TimeControl "2700+45"]

1. Nf3 Nf6 2. g3 g6 3. Bg2 Bg7 4. O-O O-O 5. d3 d6 6. e4 c5 7. Nc3 Nc6 8. h3 Rb8
9. a4 b6 10. Ne1 Bb7 11. f4 Nd4 12. Ne2 Nc6 13. Nf3 Ne8 14. g4 a6 15. c3 b5 16.
axb5 axb5 17. f5 b4 18. fxg6 hxg6 19. Ng5 Nc7 20. Qb3 Bf6 21. Nxf7 Rxf7 22. g5
Kg7 23. gxf6+ Rxf6 24. Bg5 Rxf1+ 25. Rxf1 Qg8 26. Qd1 Rf8 27. Rxf8 Qxf8 28. Qd2
Kh7 29. h4 e5 30. Ng3 Bc8 31. Qe2 Ne6 32. Be3 Nf4 33. Bxf4 Qxf4 34. Qf2 Qxf2+
35. Kxf2 Bg4 36. Bf3 Bxf3 37. Kxf3 bxc3 38. bxc3 Nd8 39. Kg4 Ne6 40. h5 Nf4 41.
hxg6+ Kxg6 42. Nf5 Nxd3 43. Nxd6 Kf6 44. Nb7 Ke6 45. Na5 Nb2 46. Nb7 Na4 47. c4
Kf6 48. Kh5 Nb2 49. Nxc5 Nxc4 50. Nd7+ Ke6 51. Nxe5 Kxe5 {Game drawn by mutual
agreement} 1/2-1/2

[Event "Team 45 45 League T48"]
[Site "Internet Chess Club"]
[Date "2011.03.06"]
[Round "4"]
[White "SpeedBlade"]
[Black "Esslinger"]
[Result "0-1"]
[WhiteElo "1431"]
[BlackElo "1370"]
[Opening "English, 1...Nf6 (Anglo-Indian defense)"]
[ECO "E62"]
[Time "19:02:01"]
[TimeControl "2700+45"]

1. c4 Nf6 2. g3 g6 3. Bg2 Bg7 4. Nc3 d6 5. d4 O-O 6. Nf3 c6 7. O-O Bg4 8. h3 Be6
9. d5 cxd5 10. cxd5 Bd7 11. e4 Na6 12. Re1 Qb6 13. Qd4 Qxd4 14. Nxd4 Nc5 15. Bf1
Nfxe4 16. Nxe4 Bxd4 17. Nxc5 Bxc5 18. Rxe7 Rad8 19. Bd2 Bd4 20. Bc3 Bxc3 21.
bxc3 Rfe8 22. Rae1 Rxe7 23. Rxe7 Kf8 24. Re3 Re8 25. g4 Rxe3 26. fxe3 Ke7 27. g5
f6 28. h4 Kf7 29. Kg2 Kg7 30. Kg3 h6 31. Kf4 fxg5+ 32. hxg5 h5 33. Bg2 Kf7 34.
e4 Ke7 35. Ke3 Ke8 36. Kd4 Ke7 37. c4 b6 38. e5 dxe5+ 39. Kxe5 Bf5 40. Be4 Bxe4
41. Kxe4 Kd6 42. Kf4 a6 43. a4 b5 44. axb5 axb5 45. cxb5 Kxd5 46. b6 Kc6 47. b7
Kxb7 48. Ke5 Kc6 49. Kf4 Kd5 50. Kg3 Ke4 51. Kh4 Kf4 52. Kh3 Kxg5 53. Kg3 Kf5
54. Kh4 Kf4 55. Kh3 g5 56. Kg2 Kg4 57. Kh2 Kf3 58. Kh3 Kf2 59. Kh2 g4 60. Kh1
Kg3 61. Kg1 Kh3 62. Kh1 g3 63. Kg1 g2 64. Kf2 Kh2 {White resigns} 0-1

[Event "Team 45 45 League T48"]
[Site "Internet Chess Club"]
[Date "2011.03.04"]
[Round "4"]
[White "SugarIslander"]
[Black "check-man"]
[Result "0-1"]
[WhiteElo "1642"]
[BlackElo "1710"]
[Opening "QGD semi-Slav: Stoltz variation"]
[ECO "D45"]
[Time "17:00:33"]
[TimeControl "2700+45"]

1. d4 d5 2. c4 c6 3. Nc3 Nf6 4. Nf3 Nbd7 5. e3 e6 6. Qc2 Bd6 7. Bd3 O-O 8. O-O
e5 9. cxd5 cxd5 10. dxe5 Nxe5 11. Nxe5 Bxe5 12. Ne2 Qd6 13. f4 Be6 14. fxe5 Qxe5
15. Bf5 Rac8 16. Qd3 Rfd8 17. Bxe6 fxe6 18. Nd4 Rf8 19. Rf3 Ng4 20. g3 Qh5 21.
Qe2 e5 22. Ne6 Rxf3 23. Qxf3 Qxh2+ 24. Kf1 e4 25. Qxg4 Qh1+ 26. Ke2 Rc2+ 27. Bd2
Qg2+ 28. Ke1 Qxd2+ 29. Kf1 Qf2# {White checkmated} 0-1

[Event "Team 45 45 League T48"]
[Site "Internet Chess Club"]
[Date "2011.03.05"]
[Round "4"]
[White "rook9999"]
[Black "oldsj"]
[Result "1-0"]
[WhiteElo "1796"]
[BlackElo "1639"]
[Opening "Scotch: Schmidt variation"]
[ECO "C45"]
[Time "09:02:20"]
[TimeControl "2700+45"]

1. e4 e5 2. Nf3 Nc6 3. d4 exd4 4. Nxd4 Nf6 5. Nc3 Bb4 6. Nxc6 bxc6 7. Bd2 O-O 8.
Bd3 Re8 9. f3 d5 10. O-O Bxc3 11. Bxc3 dxe4 12. fxe4 Nxe4 13. Bxe4 Qh4 14. Bxc6
Bg4 15. Qd4 {Black resigns} 1-0

[Event "Team 45 45 League T48"]
[Site "Internet Chess Club"]
[Date "2011.03.05"]
[Round "4"]
[White "Warpdrive"]
[Black "mmf00"]
[Result "0-1"]
[WhiteElo "1572"]
[BlackElo "1864"]
[Opening "Sicilian defense"]
[ECO "B34"]
[Time "18:00:45"]
[TimeControl "2700+45"]

1. e4 c5 2. Nf3 Nc6 3. d4 cxd4 4. Nxd4 g6 5. Be3 Nf6 6. Nc3 Bg7 7. Be2 O-O 8.
Qd2 d5 9. exd5 Nxd5 10. Nxc6 bxc6 11. Nxd5 cxd5 12. c3 e6 13. O-O a5 14. Bh6 Ba6
15. Bxg7 Kxg7 16. Rfd1 Bxe2 17. Qxe2 Qb6 18. Rab1 Rfc8 19. Qd3 Qc5 20. Qd4+ Qxd4
21. Rxd4 a4 22. Rc1 Rc4 23. Rcd1 Rb8 24. Rb1 Rxc3 25. Rdd1 Rc2 26. b4 Rxa2 27.
b5 a3 28. Rb3 Rb2 29. Rxa3 R8xb5 30. Kf1 Rb1 31. Rxb1 Rxb1+ 32. Ke2 Rb6 33. Ra2
Rd6 34. Kd3 e5 {White resigns} 0-1

[Event "Team 45 45 League T48"]
[Site "Internet Chess Club"]
[Date "2011.03.05"]
[Round "4"]
[White "Mymas"]
[Black "rom1"]
[Result "0-1"]
[WhiteElo "1402"]
[BlackElo "1547"]
[Opening "Alekhine's defense: Scandinavian variation"]
[ECO "B02"]
[Time "10:17:21"]
[TimeControl "2700+45"]

1. e4 Nf6 2. Nc3 d5 3. exd5 Nxd5 4. Nxd5 Qxd5 5. h3 e5 6. d3 Be7 7. Nf3 Nc6 8.
Be2 Bf5 9. Bd2 O-O 10. O-O Rad8 11. Bc3 Bb4 12. Bxb4 Nxb4 13. a3 Nc6 14. Re1
Rfe8 15. Bf1 h6 16. Be2 Nd4 17. Nxd4 Qxd4 18. Qc1 c6 19. Bf3 Qd7 20. Qe3 Qd4 21.
Qxd4 exd4 22. Kf1 Be6 23. Re2 Kf8 24. Rae1 Bf5 25. Rxe8+ Rxe8 26. Rxe8+ Kxe8 27.
Ke2 Kd7 28. Be4 Be6 29. Kf3 Kd6 30. Ke2 Ke5 31. Kf3 f5 32. Bxf5 Kxf5 33. g4+ Ke5
34. Kg3 g5 35. Kf3 c5 36. b3 b5 37. Kg3 Bd5 38. f3 Bc6 39. Kg2 Kf4 40. Kf2 Bxf3
41. Kg1 Bd1 42. c4 Bxb3 43. cxb5 Ke3 44. Kg2 Kxd3 45. Kg3 Ke3 46. h4 gxh4+ 47.
Kxh4 d3 48. Kh5 d2 49. Kxh6 d1=Q 50. g5 Qh1+ 51. Kg7 Bc2 52. g6 Qb7+ 53. Kh6 Qe7
54. g7 Qf6+ 55. Kh5 Qg6+ 56. Kh4 Kf4 57. g8=R Qh6# {White checkmated} 0-1

[Event "Team 45 45 League T48"]
[Site "Internet Chess Club"]
[Date "2011.03.03"]
[Round "4"]
[White "MtzKid"]
[Black "DARKwizard1"]
[Result "1-0"]
[WhiteElo "1731"]
[BlackElo "1930"]
[Opening "KP: Nimzovich defense"]
[ECO "B00"]
[Time "20:01:41"]
[TimeControl "2700+45"]

1. e4 Nc6 2. Nf3 d6 3. d4 g6 4. d5 Ne5 5. Nxe5 dxe5 6. c4 Bg7 7. Nc3 e6 8. Be2
Ne7 9. O-O O-O 10. Be3 h6 11. Qd2 Kh7 12. f3 f5 13. a4 b6 14. b4 a5 15. b5 Ng8
16. Rad1 Bd7 17. c5 f4 18. Bf2 Qg5 19. d6 c6 20. bxc6 Bxc6 21. Bb5 Bxb5 22. Nxb5
bxc5 23. Bxc5 Rf7 24. Nc7 Rb8 25. Qxa5 Qd8 26. Bb6 Bf8 27. Qc5 Nf6 28. a5 Nd7
29. Nxe6 Nxc5 30. Nxd8 Rd7 31. Nc6 Rc8 32. Nxe5 Rxd6 33. Bxc5 Rxc5 34. Nd7 Rxd1
35. Rxd1 Rc8 36. Nxf8+ Rxf8 37. Rd7+ Kg8 38. a6 {Black resigns} 1-0

[Event "Team 45 45 League T48"]
[Site "Internet Chess Club"]
[Date "2011.03.05"]
[Round "4"]
[White "kidviper"]
[Black "Magagna"]
[Result "1/2-1/2"]
[WhiteElo "1882"]
[BlackElo "1896"]
[Opening "Nimzo-Indian: classical, 4...c5"]
[ECO "E38"]
[Time "16:46:38"]
[TimeControl "2700+45"]

1. d4 Nf6 2. c4 e6 3. Nc3 Bb4 4. Qc2 c5 5. dxc5 Na6 6. a3 Bxc3+ 7. Qxc3 Nxc5 8.
e3 Nce4 9. Qc2 b6 10. f3 Nc5 11. b4 Na6 12. Bd3 Bb7 13. Nh3 h6 14. O-O O-O 15.
Bb2 Rc8 16. Qe2 Nc7 17. Rfd1 Qe7 18. Rac1 Rfd8 19. Nf4 g5 20. Bxf6 Qxf6 21. Nh5
Qe7 22. Qb2 f5 23. Nf6+ Kf7 24. Nh5 Kg6 25. Ng3 Qf6 26. Qxf6+ Kxf6 27. e4 f4 28.
Ne2 e5 29. Nc3 Ne6 30. Nb5 Ra8 31. Nd6 Rab8 32. Nb5 Ra8 33. Bf1 a6 34. Nc3 Nd4
35. Ne2 Nxe2+ 36. Bxe2 d6 37. Rd2 Ke7 38. Kf2 a5 39. b5 Rac8 40. Rcd1 Rc7 41. a4
Bc8 42. Rc2 Be6 43. Rdc1 Rdc8 {Game drawn by mutual agreement} 1/2-1/2

[Event "Team 45 45 League T48"]
[Site "Internet Chess Club"]
[Date "2011.03.05"]
[Round "4"]
[White "gerailen0075"]
[Black "ferrari9182"]
[Result "1/2-1/2"]
[WhiteElo "2071"]
[BlackElo "1944"]
[Opening "French: advance, Paulsen attack"]
[ECO "C02"]
[Time "21:31:33"]
[TimeControl "2700+45"]

1. e4 e6 2. d4 d5 3. e5 c5 4. c3 Nc6 5. Nf3 Qb6 6. a3 cxd4 7. cxd4 Nh6 8. b4 Nf5
9. Bb2 Bd7 10. g4 Nfe7 11. Nc3 Ng6 12. Na4 Qd8 13. Nc5 Bxc5 14. dxc5 Qc7 15. Qe2
a6 16. Qe3 O-O-O 17. Bd3 d4 18. Bxd4 Nxd4 19. Nxd4 Nxe5 20. Be2 Bc6 21. Nxc6
Nxc6 22. f4 Rd4 23. O-O Rhd8 24. Rad1 Kb8 25. Rxd4 Rxd4 26. h3 Qd7 27. f5 e5 28.
f6 g6 29. Bf3 Qe6 30. Re1 Qxf6 31. Bxc6 bxc6 32. Qxe5+ Qxe5 33. Rxe5 Rd3 34.
Re8+ Kc7 35. Re7+ Kd8 36. Rxf7 Rxh3 37. Kg2 Rxa3 38. Rxh7 Rb3 39. Rg7 Rxb4 40.
Rxg6 Rc4 41. Rxc6 {Game drawn by mutual agreement} 1/2-1/2

[Event "Team 45 45 League T48"]
[Site "Internet Chess Club"]
[Date "2011.03.03"]
[Round "4"]
[White "mongmong"]
[Black "TwoEqualsOne"]
[Result "1-0"]
[WhiteElo "1653"]
[BlackElo "1758"]
[Opening "Queen's pawn game"]
[ECO "D04"]
[Time "17:06:31"]
[TimeControl "2700+45"]

1. d4 Nf6 2. Nf3 d5 3. e3 g6 4. Nbd2 Bg7 5. c3 O-O 6. Bd3 b6 7. O-O Bb7 8. Re1
Ne4 9. Nf1 Nd7 10. N3d2 Nxd2 11. Nxd2 e5 12. dxe5 Nxe5 13. Bc2 Qf6 14. e4 Rad8
15. exd5 Bxd5 16. Be4 Bxe4 17. Rxe4 Nd3 18. Qe2 Nxc1 19. Rxc1 Qc6 20. Re1 Qa4
21. Rxa4 {Black resigns} 1-0

[Event "Team 45 45 League T48"]
[Site "Internet Chess Club"]
[Date "2011.03.06"]
[Round "4"]
[White "daniguti"]
[Black "subterfuge"]
[Result "1-0"]
[WhiteElo "1695"]
[BlackElo "1730"]
[Opening "Caro-Kann defense"]
[ECO "B10"]
[Time "21:00:35"]
[TimeControl "2700+45"]

1. e4 c6 2. Nf3 d5 3. exd5 cxd5 4. Ne5 Nc6 5. d4 Nf6 6. Bb5 Qb6 7. c4 e6 8. Qa4
Bd7 9. Nxd7 Kxd7 10. c5 Qd8 11. Nd2 a6 12. Bxc6+ bxc6 13. Nf3 Be7 14. Ne5+ Ke8
15. Qxc6+ Kf8 16. O-O h6 17. f3 Ra7 18. Qa4 Qe8 19. Qc2 Nd7 20. Nc6 Rc7 21. Nxe7
Qxe7 22. Bd2 Nb8 23. Bf4 Rc8 24. Qb3 Qd8 25. Bd6+ Kg8 26. Qd3 h5 27. b4 Rh6 28.
a4 Rg6 29. b5 axb5 30. axb5 Qg5 31. Rf2 Nd7 32. b6 Nb8 33. b7 Rd8 34. Ra8 Qc1+
35. Qf1 Qxf1+ 36. Kxf1 {Black resigns} 1-0